 Dungeon Crawl Stone Soup version 0.25-a0-339-gb37b713d4c (webtiles) character file.

Game seed: 9112281137896477776, levelgen mode: classic

24675 EnegeticOcto the Spear-Bearer (level 13, 0/199 HPs)
             Began as an Ogre Earth Elementalist on Dec 28, 2019.
             Was an Elder of Cheibriados.
             Slain by a seven-headed hydra (3 damage)
             ... on level 4 of the Lair of Beasts.
             The game lasted 00:25:35 (22365 turns).

EnegeticOcto the Spear-Bearer (OgEE)               Turns: 22365, Time: 00:25:35

Health: 0/199      AC: 26    Str: 27    XL:     13   Next: 14%
Magic:  7/35       EV:  1    Int: 29    God:    Cheibriados [****..]
Gold:   1093       SH:  0    Dex: 18    Spells: 19/30 levels left

rFire    . . .     SeeInvis .   F - +5 spear "Tiocs" {pierce, Str+3}
rCold    . . .     Gourm    .   (no shield)
rNeg     + + +     Faith    .   (armour currently unavailable)
rPois    +         Spirit   .   (helmet currently unavailable)
rElec    .         Reflect  .   (cloak currently unavailable)
rCorr    .         Harm     .   (gloves unavailable)
MR       ++...     NoTele   +   (boots unavailable)
Stlth    ++........             q - amulet of the acrobat
HPRegen  0.43/turn              d - ring of magical power
MPRegen  0.24/turn              u - ring of protection from magic

@: tree-form, very slow
A: large, unfitting armour
a: Bend Time, Temporal Distortion, Slouch, Renounce Religion


You were on level 4 of the Lair of Beasts.
You worshipped Cheibriados.
Cheibriados was greatly pleased with you.
You were not hungry.
You were a tree.
You visited 3 branches of the dungeon, and saw 17 of its levels.

You collected 1093 gold pieces.

Inventory:

Hand Weapons
 x - a +1 trident
 A - a +2 glaive of chopping
 F - the +5 spear "Tiocs" (weapon) {pierce, Str+3}
   (You found it on level 1 of the Lair of Beasts)

   It inflicts extra damage upon your enemies.
   It affects your strength (+3).
Missiles
 b - 284 stones (quivered)
Armour
 i - a +1 robe of magic resistance
 D - +0 acid dragon scales (melded)
Jewellery
 d - a ring of magical power (left branch)
 q - an amulet of the acrobat (around neck)
 r - an uncursed ring of positive energy
 u - a ring of protection from magic (right branch)
 y - a +3 ring of dexterity
Wands
 c - a wand of iceblast (8)
 m - a wand of clouds (4)
 H - a wand of disintegration (13)
Scrolls
 j - a scroll of magic mapping {@r5 !r}
 l - 3 scrolls of amnesia
 n - 3 scrolls of identify {@r1}
 o - 8 scrolls of remove curse {@r2}
 v - 4 scrolls of teleportation {@r3 !r}
 B - 2 scrolls of fog {!r}
 C - a scroll of immolation
 I - a scroll of enchant weapon
 K - a scroll of enchant armour {unknown}
Potions
 a - 2 potions of mutation
 f - 4 potions of might {@q3 !q}
 g - 7 potions of agility {@q5 !q}
 h - 2 potions of ambrosia
 k - a potion of magic
 s - 6 potions of brilliance
 t - 3 potions of cancellation
 w - a potion of flight
 z - 4 potions of curing {@q1 !q}
 G - 2 potions of invisibility
Comestibles
 e - 19 rations
 J - 6 chunks of flesh


   Skills:
 + Level 10.0 Fighting
 - Level 14.0 Polearms
 + Level 3.0 Dodging
 - Level 1.4 Stealth
 + Level 9.1 Spellcasting
 - Level 3.0 Conjurations
 + Level 0.8 Transmutations
 - Level 10.0 Earth Magic
 + Level 5.0 Invocations


You had 19 spell levels left.
You knew the following spells:

 Your Spells              Type           Power        Failure   Level  Hunger
a - Sandblast             Erth           ######       1%          1    None
b - Stone Arrow           Conj/Erth      ######       1%          3    None
c - Lee's Rapid Deconstr  Erth           ######....   1%          5    ####...
p - Passwall              Tmut/Erth      #####...     1%          2    None

Your spell library contained the following spells:

 Spells                   Type           Power        Failure   Level  Hunger
 Shock                    Conj/Air       ###.         2%          1    None
 Petrify                  Tmut/Erth      #####...     4%          4    None
 Swiftness                Chrm/Air       ##......     6%          2    None
 Static Discharge         Conj/Air       ###.....     7%          3    None
 Airstrike                Air            ##........   38%         4    None
 Lightning Bolt           Conj/Air       ###.......   52%         5    ####...


Dungeon Overview and Level Annotations

Branches:
Dungeon (12/15)            Temple (1/1) D:6            Lair (4/6) D:11
  Swamp (0/4) Lair:2       Spider (0/4) Lair:3          Orc (0/2) D:11

Altars:
Ashenzari
Cheibriados
Dithmenos
Elyvilon
Fedhas
Gozag
Hepliaklqana
Kikubaaqudgha
Makhleb
Nemelex Xobeh
Okawaru
Qazlal
Ru
Sif Muna
Trog
Uskayaw
Vehumet
Wu Jian
Xom
Yredelemnul
Zin
The Shining One


Innate Abilities, Weirdness & Mutations

You are too large for most types of armour.
((You have tough skin. (AC +1)))


Message History

The seven-headed hydra is lightly wounded.
b - 285 stones The seven-headed hydra bites you.
* * * LOW HITPOINT WARNING * * *
The seven-headed hydra bites you!
* * * LOW HITPOINT WARNING * * *
The seven-headed hydra bites you.
* * * LOW HITPOINT WARNING * * *
The seven-headed hydra bites you.
* * * LOW HITPOINT WARNING * * *
The seven-headed hydra closely misses you. x2
The seven-headed hydra misses you.
Okay, then.
Really quaff the potion of lignification?
You turn into a tree.
Your +0 acid dragon scales melds into your body.
Your roots penetrate the ground.
The seven-headed hydra bites you but does no damage. x2
The seven-headed hydra bites you.
* * * LOW HITPOINT WARNING * * *
The seven-headed hydra bites you but does no damage. x3
The seven-headed hydra bites you.
* * * LOW HITPOINT WARNING * * *
Really quaff
E - a potion of heal wounds {@q2 !q}?
You feel much better.
The seven-headed hydra bites you but does no damage. x3
The seven-headed hydra bites you.
* * * LOW HITPOINT WARNING * * *
The seven-headed hydra bites you.
* * * LOW HITPOINT WARNING * * *
The seven-headed hydra bites you but does no damage.
The seven-headed hydra barely misses you.
Casting: Sandblast (safe; 1% risk of failure)
Confirm with . or Enter, or press ? or * to list all spells.
Aiming: Sandblast (safe; 1% risk of failure)
Press: ? - help, Shift-Dir - straight line, f/p - seven-headed hydra
Aim: a seven-headed hydra (lightly wounded)
The blast of sand misses the seven-headed hydra.
b - 284 stones The seven-headed hydra bites you but does no damage. x2
The seven-headed hydra bites you.
* * * LOW HITPOINT WARNING * * *
The seven-headed hydra bites you but does no damage.
The seven-headed hydra bites you.
* * * LOW HITPOINT WARNING * * *
The seven-headed hydra bites you but does no damage. x2
Casting: Sandblast (safe; 1% risk of failure)
Confirm with . or Enter, or press ? or * to list all spells.
Aiming: Stone Arrow (safe; 1% risk of failure)
Press: ? - help, Shift-Dir - straight line, f/p - seven-headed hydra
Aim: a seven-headed hydra (lightly wounded)
The stone arrow hits the seven-headed hydra!
The seven-headed hydra is moderately wounded.
The seven-headed hydra bites you.
* * * LOW HITPOINT WARNING * * *
The seven-headed hydra bites you.
* * * LOW HITPOINT WARNING * * *
The seven-headed hydra bites you but does no damage. x2
The seven-headed hydra bites you.
* * * LOW HITPOINT WARNING * * *
The seven-headed hydra bites you but does no damage. x2
Evoke which item? (* to show all) (? for menu, Esc to quit)
Okay, then.
Casting: Stone Arrow (safe; 1% risk of failure)
Confirm with . or Enter, or press ? or * to list all spells.
Aiming: Stone Arrow (safe; 1% risk of failure)
Press: ? - help, Shift-Dir - straight line, f/p - seven-headed hydra
Aim: a seven-headed hydra (moderately wounded)
The stone arrow hits the seven-headed hydra!
The seven-headed hydra is heavily wounded.
The seven-headed hydra bites you but does no damage. x3
The seven-headed hydra bites you.
* * * LOW HITPOINT WARNING * * *
The seven-headed hydra bites you!
* * * LOW HITPOINT WARNING * * *
The seven-headed hydra bites you but does no damage.
The seven-headed hydra bites you!
* * * LOW HITPOINT WARNING * * *
Casting: Stone Arrow (safe; 1% risk of failure)
Confirm with . or Enter, or press ? or * to list all spells.
Aiming: Stone Arrow (safe; 1% risk of failure)
Press: ? - help, Shift-Dir - straight line, f/p - seven-headed hydra
Aim: a seven-headed hydra (heavily wounded)
The stone arrow hits the seven-headed hydra!
The seven-headed hydra is severely wounded.
The seven-headed hydra bites you but does no damage.
The seven-headed hydra bites you!
* * * LOW HITPOINT WARNING * * *
The seven-headed hydra bites you but does no damage. x5
Okay, then.
Casting: Stone Arrow (safe; 1% risk of failure)
Confirm with . or Enter, or press ? or * to list all spells.
Aiming: Stone Arrow (safe; 1% risk of failure)
Press: ? - help, Shift-Dir - straight line, f/p - seven-headed hydra
Aim: a seven-headed hydra (severely wounded)
The stone arrow hits the seven-headed hydra!
The seven-headed hydra is almost dead.
The seven-headed hydra bites you but does no damage. x4
The seven-headed hydra bites you.
You die...

#.. ....... #..#
P....... #...
........ #...
........
###...#........
#......#.......
.###.....D..##.#
........♣.......
######.(....#..
#..#......
#...#..#..
#..#...# #
#......##
#.......#
#......##
##.....#


You could see a seven-headed hydra.

Vanquished Creatures
  3 hydras
  A catoblepas (Lair:4)
  A two-headed ogre (D:8)
  An ugly thing (D:10)
  A manticore (D:11)
  5 elephants (Lair:4)
  2 black mambas (Lair:1)
  Joseph (D:8)
  8 spiny frogs
  4 rime drakes
  4 komodo dragons
  2 hornets (D:9)
  4 slime creatures (D:10)
  Grinder (D:5)
  4 hippogriffs
  18 yaks
  Sigmund (D:2)
  Eustachio (D:4)
  Grum (D:8)
  A basilisk (Lair:1)
  7 wargs (D:11)
  Menkaure (D:4)
  A soldier ant (D:9)
  An acid dragon (D:10)
  3 water moccasins (Lair:1)
  5 porcupines
  2 ice beasts
  A phantom (D:9)
  2 sky beasts
  A black bear (D:9)
  10 orc warriors
  3 ogres
  7 wolves
  3 centaurs
  4 crocodiles
  A big kobold (D:10)
  11 bullfrogs
  3 scorpions
  9 wights
  2 electric eels (D:11)
  5 crimson imps
  A centaur zombie (D:5)
  A quasit (D:10)
  2 bullfrog zombies (D:5)
  6 hounds
  4 orc priests
  2 bullfrog skeletons
  A jelly (D:6)
  19 orc wizards
  4 centaur skeletons
  8 worker ants
  Terence (D:2)
  2 iguanas
  A killer bee zombie (D:8)
  2 hound skeletons
  3 worker ant zombies
  12 adders
  2 shadow imps
  2 oozes
  An adder skeleton (D:4)
  An adder zombie (D:5)
  4 worms
  A dart slug (D:2)
  2 leopard geckos
  44 orcs
  7 giant cockroaches
  8 goblins
  7 hobgoblins
  9 jackals
  11 kobolds
  5 quokkas
  A ball python (D:3)
  11 bats
  7 frilled lizards
  A jackal zombie (D:6)
  4 rats
343 creatures vanquished.

Vanquished Creatures (others)
  A fungus (Lair:2)
1 creature vanquished.

Grand Total: 344 creatures vanquished

Notes
Turn   | Place    | Note
-------+----------+-------------------------------------------
     0 | D:1      | EnegeticOcto the Ogre Earth Elementalist began the quest
                  | for the Orb.
     0 | D:1      | Reached XP level 1. HP: 16/16 MP: 3/3
    84 | D:1      | Reached XP level 2. HP: 18/26 MP: 0/5
   341 | D:1      | Reached skill level 1 in Fighting
   682 | D:1      | You fall into a shaft and drop 1 floor!
   699 | D:2      | Noticed Terence
   943 | D:2      | Reached XP level 3. HP: 33/33 MP: 7/7
  1740 | D:2      | Learned a level 3 spell: Stone Arrow
  1970 | D:2      | Reached XP level 4. HP: 13/44 MP: 8/8
  2243 | D:2      | Noticed an orc warrior
  2365 | D:2      | Killed an orc warrior
  2365 | D:2      | Reached skill level 1 in Conjurations
  2365 | D:2      | Reached XP level 5. HP: 39/53 MP: 0/9
  2666 | D:2      | Noticed Sigmund
  2676 | D:2      | Killed Sigmund
  2676 | D:2      | Reached XP level 6. HP: 63/63 MP: 7/10
  3332 | D:2      | Killed Terence
  3584 | D:3      | Reached skill level 5 in Fighting
  3859 | D:3      | Reached XP level 7. HP: 72/72 MP: 11/11
  5062 | D:4      | Noticed Menkaure
  5068 | D:4      | Killed Menkaure
  5160 | D:4      | Noticed a yak
  5160 | D:4      | Noticed a yak
  5160 | D:4      | Noticed a yak
  5160 | D:4      | Noticed a yak
  5161 | D:4      | Noticed a yak
  5178 | D:4      | Killed a yak
  5178 | D:4      | Reached XP level 8. HP: 50/84 MP: 1/15
  5220 | D:3      | Killed a yak
  5220 | D:3      | Reached skill level 5 in Spellcasting
  5457 | D:4      | Noticed Eustachio
  5516 | D:4      | Killed Eustachio
  6027 | D:4      | Killed a yak
  6031 | D:4      | Killed a yak
  6031 | D:4      | Reached skill level 5 in Earth Magic
  6069 | D:4      | Killed a yak
  6069 | D:4      | Reached XP level 9. HP: 12/97 MP: 2/18
  6554 | D:5      | Entered Level 5 of the Dungeon
  6682 | D:5      | Noticed Grinder
  6690 | D:5      | Killed Grinder
  9292 | D:6      | Found a staircase to the Ecumenical Temple.
  9389 | Temple   | Entered the Ecumenical Temple
  9536 | Temple   | Became a worshipper of Cheibriados the Contemplative
  9778 | D:7      | Reached skill level 10 in Fighting
 10507 | D:7      | Reached skill level 1 in Polearms
 10755 | D:8      | Noticed a two-headed ogre
 10757 | D:8      | Noticed Joseph
 10762 | D:8      | Killed a two-headed ogre
 10762 | D:8      | Reached skill level 3 in Polearms
 10762 | D:8      | Reached XP level 10. HP: 28/110 MP: 13/22
 11437 | D:8      | Killed Joseph
 11437 | D:8      | Reached * piety under Cheibriados
 11818 | D:8      | Noticed Grum
 11841 | D:7      | Reached skill level 1 in Invocations
 12163 | D:7      | Reached skill level 4 in Polearms
 12344 | D:8      | Killed Grum
 12752 | D:8      | Found a sacrificial altar of Ru.
 13039 | D:8      | Learned a level 2 spell: Passwall
 13045 | D:8      | Learned a level 5 spell: Lee's Rapid Deconstruction
 13338 | D:9      | Found a sacrificial altar of Ru.
 13383 | D:9      | Paralysed by a hornet for 2 turns
 13387 | D:9      | Reached ** piety under Cheibriados
 13389 | D:9      | Reached skill level 5 in Polearms
 13410 | D:9      | HP: 3/110 [hornet (5)]
 14413 | D:9      | Reached XP level 11. HP: 117/117 MP: 24/24
 14534 | D:9      | Identified a scroll of acquirement
 14595 | D:10     | Entered Level 10 of the Dungeon
 14941 | D:10     | Reached skill level 6 in Polearms
 14941 | D:10     | Reached skill level 5 in Invocations
 15200 | D:10     | Noticed a purple ugly thing
 15207 | D:10     | Killed a purple ugly thing
 15696 | D:10     | Found a hide-covered altar of Uskayaw.
 15792 | D:11     | Noticed a manticore
 15797 | D:11     | Killed a manticore
 15797 | D:11     | Reached *** piety under Cheibriados
 16092 | D:11     | Reached skill level 7 in Polearms
 16290 | D:11     | Reached **** piety under Cheibriados
 16575 | D:11     | Found a staircase to the Lair.
 17215 | D:11     | Reached skill level 8 in Polearms
 17215 | D:11     | Reached skill level 10 in Earth Magic
 17496 | D:11     | Found a staircase to the Orcish Mines.
 17830 | Lair:1   | Entered Level 1 of the Lair of Beasts
 17840 | Lair:1   | Reached skill level 9 in Polearms
 17859 | D:11     | Reached XP level 12. HP: 86/126 MP: 1/25
 18030 | Lair:1   | Reached ***** piety under Cheibriados
 18463 | Lair:1   | Reached skill level 10 in Polearms
 19061 | Lair:1   | You fall into a shaft and drop 1 floor!
 19063 | Lair:2   | Found a staircase to the Swamp.
 19071 | Lair:2   | Reached skill level 11 in Polearms
 19309 | Lair:1   | You fall into a shaft and drop 1 floor!
 19374 | Lair:1   | Got a pair of smoking boots
 19445 | Lair:1   | Got a bloodstained spear
 19446 | Lair:1   | Identified the +5 spear "Tiocs" {pierce, Str+3} (You found
                  | it on level 1 of the Lair of Beasts)
 20535 | Lair:2   | Noticed an eight-headed hydra
 20539 | Lair:2   | Killed an eight-headed hydra
 20539 | Lair:2   | Reached skill level 12 in Polearms
 20711 | Lair:2   | Noticed an eight-headed hydra
 20715 | Lair:2   | Killed an eight-headed hydra
 21160 | Lair:2   | Identified the +2 pair of boots of True Grit {Int+4} (You
                  | found it on level 1 of the Lair of Beasts)
 21681 | Lair:3   | Found a hole to the Spider Nest.
 22097 | Lair:4   | Reached skill level 13 in Polearms
 22099 | Lair:4   | Noticed a five-headed hydra
 22100 | Lair:4   | Reached XP level 13. HP: 97/133 MP: 10/26
 22357 | Lair:4   | Reached skill level 14 in Polearms
 22364 | Lair:4   | HP: 3/199 [seven-headed hydra (7)]
 22365 | Lair:4   | Slain by a seven-headed hydra

Levels and vault maps discovered:
D:1:      ncdulo_smallfort, layout_basic
D:2:      layout_basic, minivault_24, uniq_sigmund, uniq_terence
D:3:      layout_loops_cross, first_ration
D:4:      layout_loops_ring, uniq_eustachio, uniq_menkaure
D:5:      layout_gridville, kennysheep_opposing_triangles, uniq_grinder
D:6:      layout_basic, minmay_temple_entry_grid
D:7:      wander_river, layout_loops_ring
D:8:      layout_cave_pools, nicolae_ru_great_annihilating_truth, uniq_grum,
          uniq_joseph
D:9:      layout_gridville, basic_altar, hangedman_pestilent_swarm,
          minmay_misc_feat_hallway, hangedman_decor_opposing
D:10:     layout_long_grid, basic_altar, hangedman_decor_diamond_cutter
D:11:     statuecave_lemuel, layout_grid_maze, erik_lair_orcish_takeover,
          david_orc_4, nooodl_orcs_dogs
D:12:     layout_layer_cave, glass_columns_a, drop_trap, uniq_gastronok,
          uniq_nessos
Temple:   dpeg_three_leaves_temple
Lair:1:   layout_long_grid, grunt_megastairs_4, infiniplex_staircase_pool_2
Lair:2:   layout_cave_pods, swamp_mist
Lair:3:   layout_cave_shapes, spider_nest_entry_web_field, grunt_megastairs_3
Lair:4:   layout_gridlike, ebering_ghost_rock_garden, minmay_lair_oklob_chamber

Skill      XL: |  1  2  3  4  5  6  7  8  9 10 11 12 13 |
---------------+----------------------------------------+-----
Earth Magic    | 3 4 5 7 8 10 | 10.0
Fighting       | 1 2 3 4 5 6 8 10 | 10.0
Spellcasting   | 3 4 6 8 9 |  9.1
Conjurations   | 1 2 3 |  3.0
Dodging        | 2 3 |  3.0
Polearms       | 3 5 9 13 14 | 14.0
Invocations    | 4 5 |  5.0
Stealth        | |  1.4
Transmutations | |  0.8

Action                   |  1- 3 |  4- 6 |  7- 9 | 10-12 | 13-15 || total
-------------------------+-------+-------+-------+-------+-------++-------
Melee: Whip              |   173 |    69 |    12 |       |       ||   254
       Unarmed           |     1 |       |       |       |       ||     1
       Spear             |       |       |    36 |    33 |     8 ||    77
       Trident           |       |       |    47 |    71 |       ||   118
 Cast: Sandblast         |    19 |    14 |    25 |    45 |     8 ||   111
       Stone Arrow       |       |    32 |   156 |   282 |    12 ||   482
       Lee's Rapid Decon |       |       |       |    43 |       ||    43
Invok: Slouch            |       |       |       |     4 |     1 ||     5
  Use: Scroll            |       |     5 |    15 |     9 |       ||    29
       Potion            |       |       |       |     2 |     2 ||     4
 Stab: Sleeping          |     1 |     1 |     1 |       |       ||     3
  Eat: Chunk             |     4 |     8 |    15 |    19 |     1 ||    47
       Ration            |       |       |     4 |     1 |       ||     5
Armor: Robe              |    73 |    32 |    32 |    15 |       ||   152
       Acid dragon scale |       |       |       |    42 |     2 ||    44
       Skin              |       |       |       |       |    32 ||    32
Dodge: Dodged            |   109 |    55 |    95 |   174 |     7 ||   440

Table legend:
 A = Non-vault XP
 B = Vault XP
 C = Vault XP percentage of total XP
 D = Non-vault monster count
 E = Vault monster count
 F = Vault count percentage of total count
                 A         B        C        D         E       F
            +---------+---------+-------+---------+---------+-------
      Total |   29123 |    6127 |  17.4 |     284 |      59 |  17.2
            +---------+---------+-------+---------+---------+-------
        D:1 |      37 |       0 |   0.0 |      21 |       0 |   0.0
        D:2 |     263 |     248 |  48.5 |      28 |       2 |   6.7
        D:3 |     353 |       0 |   0.0 |      31 |       0 |   0.0
        D:4 |    1144 |     374 |  24.6 |      20 |       2 |   9.1
        D:5 |     866 |     355 |  29.1 |      22 |       3 |  12.0
        D:6 |     273 |       0 |   0.0 |      12 |       0 |   0.0
        D:7 |     727 |     350 |  32.5 |      11 |       3 |  21.4
        D:8 |    2019 |     800 |  28.4 |      19 |       7 |  26.9
        D:9 |     694 |     763 |  52.4 |      12 |       4 |  25.0
       D:10 |    2750 |     129 |   4.5 |      22 |       1 |   4.3
       D:11 |    3128 |    2078 |  39.9 |      34 |      32 |  48.5
     Lair:1 |    6619 |     674 |   9.2 |      28 |       3 |   9.7
     Lair:2 |    4475 |       0 |   0.0 |       9 |       0 |   0.0
     Lair:3 |       0 |     356 | 100.0 |       0 |       2 | 100.0
     Lair:4 |    5775 |       0 |   0.0 |      15 |       0 |   0.0
            +---------+---------+-------+---------+---------+-------
